 Dungeon Crawl Stone Soup version 0.28.0-43-g3370ac3207 (webtiles) character file.

Game seed: 7433858999922957298

12 demenzo the Skirmisher (level 2, -1/25 HPs)
             Began as a Djinni Cinder Acolyte on Mar 15, 2022.
             Was a High Priest of Ignis.
             Slain by a hobgoblin (3 damage)
             ... on level 1 of the Dungeon.
             The game lasted 00:01:02 (683 turns).

demenzo the Skirmisher (Djinni Cinder Acolyte)       Turns: 683, Time: 00:01:03

Health: -1/25      AC:  2    Str: 13    XL:     2   Next: 45%
Gold:   9          EV: 11    Int: 15    God:    Ignis [*****.] SH:  0 Dex:  8

rFire   + + +      SeeInvis .   a - -1 falchion (flame)
rCold   x . .      Faith    .   (no shield)
rNeg    . . .      Spirit   .   b - +0 robe
rPois   ∞          Reflect  .   (no helmet)
rElec   .          Harm     .   (no cloak)
rCorr   .          Rampage  .   (no gloves)
Will    .....                   (boots unavailable)
Stlth   +.........              (no amulet)
HPRegen 0.08/turn               (no ring)
MPRegen 0.00/turn               (no ring)

@: flying
A: sickness immunity, fire resistance 2, cold vulnerability 1, float, innate
caster, HP casting, extra vitality 1
a: Renounce Religion, Fiery Armour, Foxfire Swarm, Rising Flame


You were on level 1 of the Dungeon.
You worshipped Ignis.
Ignis was extremely pleased with you.
You visited 1 branch of the dungeon, and saw 1 of its levels.

You collected 9 gold pieces.

Inventory:

Hand Weapons
 a - a -1 falchion of flaming (weapon)
Armour
 b - a +0 robe (worn)
Scrolls
 c - a scroll of summoning {unknown}
 d - a scroll of vulnerability {unknown}
 f - a scroll of holy word {unknown}
Potions
 e - 2 potions of degeneration {unknown}


   Skills:
 + Level 3.1 Fighting
 * Level 3.0 Long Blades
 + Level 2.5 Spellcasting


You had 4 spell levels left.
You knew the following spells:

 Your Spells              Type           Power      Damage    Failure   Level
a - Scorch                Fire           18%        2d6       11%         2
Your spell library was empty.

Dungeon Overview and Level Annotations

Branches:
Dungeon (1/15)

Altars:

Shops:
D:1 =


Innate Abilities, Weirdness & Mutations

You are immune to sickness and miasma.
You are immune to poison.
Your flesh is very heat resistant. (rF++)
You are vulnerable to cold. (rC-)
You float through the air rather than walking.
You learn spells naturally, not from books.
Your magical power is your life essence.
You have superior vitality. (+4 MHP)


Message History

The quokka bites you but does no damage.
The kobold misses you. The quokka bites you.
You miss the kobold.
The kobold is severely wounded.
The kobold hits you with a +0 short sword.
The quokka closely misses you. The kobold barely misses you.
You closely miss the kobold.
The kobold is severely wounded.
The quokka barely misses you. The kobold hits you but does no damage.
The quokka bites you.
You miss the kobold.
The kobold is severely wounded.
The quokka bites you. The kobold completely misses you.
You are too injured to fight recklessly!
The quokka closely misses you. The quokka bites you. The quokka bites you.
You barely miss the kobold.
The kobold is heavily wounded.
The kobold hits you with a +0 short sword.
* * * LOW HITPOINT WARNING * * *
You closely miss the kobold.
The kobold is heavily wounded.
The kobold hits you but does no damage.
You completely miss the kobold.
The kobold is heavily wounded.
The kobold closely misses you.
You hit the kobold. You burn the kobold.
You kill the kobold!
You closely miss the hobgoblin. The hobgoblin hits you.
* * * LOW HITPOINT WARNING * * *
You closely miss the hobgoblin. The hobgoblin barely misses you.
You hit the hobgoblin. You burn the hobgoblin.
The hobgoblin is almost dead.
The hobgoblin hits you.
* * * LOW HITPOINT WARNING * * *
You hit the hobgoblin but do no damage.
The hobgoblin is almost dead.
The hobgoblin hits you.
You die...

#............##.....#
#.............##.....
#......###.....##....
#......#/#......##...
#.g....###..#....##..
##.##............##).
#..##.#.....#....#.##
..#.###.##....#....#.##
#.#.rg@.#...#......#.#
........###...........#.##
###.#....##....#.##..##.##
##.#............##...##..
...............####.###..
.....>..........###.# ...
.................#### ...
..................# ...
........#........## ..#


You could see a quokka and a hobgoblin.

Vanquished Creatures
  A dart slug (D:1)
  A bat (D:1)
  An endoplasm (D:1)
  A goblin (D:1)
  A hobgoblin (D:1)
  A quokka (D:1)
  A frilled lizard (D:1)
  2 kobolds (D:1)
9 creatures vanquished.

Notes
Turn   | Place    | Note
-------+----------+-------------------------------------------
     0 | D:1      | demenzo the Djinni Cinder Acolyte began the quest for the
                  | Orb.
     0 | D:1      | Reached XP level 1. HP: 20/20 MP: 0/0
    40 | D:1      | HP: 1/20 [quokka (3)]
   421 | D:1      | Reached XP level 2. HP: 25/25 MP: 0/0
   545 | D:1      | Found Lejopti's One-of-a-Kind Rings.
   683 | D:1      | Slain by a hobgoblin

Illustrated notes

Levels and vault maps discovered:
D:1:      minmay_arrival_pointy, layout_rooms, serial_glass, glass_columns_c,
          glass_columns_a, feat_on_display, minmay_strange_pillars,
          item_on_display_a, item_on_display_a, nicolae_ecumenical_lake_church,
          nicolae_shop_unique_rings

Skill      XL: |  1  2 |
---------------+-------+-----
Long Blades    | 3 |  3.0
Fighting       | |  3.1
Spellcasting   | |  2.5

Action                   || total
-------------------------++-------
Melee: Falchion          ||    41
Invok: Fiery Armour      ||     1
Armor: Robe              ||     8
Dodge: Dodged            ||    35
